AoeStats
← NDF

Arabia

508117371Analyzed
2v2 RM · 11d ago on Sep 21, 2026· 43m 37s· 4 players
Game mode
Random Map
Map size
Medium (4 player)
Population
200
Speed
Normal
Resources
Standard
Victory
Conquest
Starting age
Dark Age
Ending age
Imperial Age
RankedLock teamsTeams togetherTeam positionsShared explorationLock speedFull tech treeHidden civsTurbo modeCheats
Victory
Defeat
🇦🇷 Teutons · Argentina
687
+15
🇦🇷 Spanish · Argentina
686
+15
🇹🇷 Franks · Türkiye
658
-29
🇹🇷 Turks · Türkiye
656
-29
Notaporta
10:25 Feudal Age
13:06 Double-Bit Axe
16:01 Gold Mining
20:20 Castle Age
18:49 Stone Mining
21:08 Squires
22:28 Loom
23:10 Man-at-Arms
28:53 Husbandry
37:25 Gold Shaft Mining
40:32 Scale Mail Armor
42:04 Scale Barding Armor
43:38 Wheelbarrow
43:57 Forging
DESPERADO3632
9:49 Loom
13:24 Feudal Age
14:14 Horse Collar
14:33 Double-Bit Axe
17:48 Wheelbarrow
25:57 Castle Age
25:09 Gold Mining
26:34 Crossbowman
28:18 Hand Cart
28:59 Padded Archer Armor
28:50 Fletching
36:25 Man-at-Arms
NDF
3:25 Loom
15:23 Feudal Age
16:26 Man-at-Arms
18:12 Scale Mail Armor
18:23 Forging
24:28 Castle Age
23:06 Double-Bit Axe
23:04 Horse Collar
23:29 Gold Mining
26:54 Stone Mining
37:14 Stone Shaft Mining
37:27 Iron Casting
36:34 Elite Skirmisher
41:12 Bow Saw
43:40 Wheelbarrow
42:51 Town Watch
43:33 Chain Mail Armor
43:18 Padded Archer Armor
43:31 Heavy Plow
estebanpa
4:24 Loom
12:36 Feudal Age
13:14 Horse Collar
13:15 Man-at-Arms
20:20 Castle Age
18:30 Gold Mining
18:54 Scale Mail Armor
20:10 Double-Bit Axe
20:49 Forging
21:30 Bow Saw
22:06 Iron Casting
21:47 Chain Mail Armor
22:41 Heavy Plow
23:08 Squires
22:29 Pikeman
26:39 Stone Mining
29:51 Scale Barding Armor
30:43 Stone Shaft Mining
32:45 Inquisition
33:46 Bloodlines
34:30 Chain Barding Armor
39:04 Redemption
Connection lost

Rejoining the realm…

Still unreachable

The connection could not be restored.

Session expired

The server has moved on; the page needs a fresh start.